 Dungeon Crawl Stone Soup version 0.31.0-11-ge490571c62 (webtiles) character file.

Game seed: 12133528600156211744

55 qw the Shooter (level 3, -1/18 HPs)
             Began as a Spriggan Hunter on Feb 3, 2024.
             Slain by Terence
             ... wielding a +0 hand axe of flaming
              (6 damage)
             ... on level 2 of the Dungeon.
             The game lasted 00:00:22 (1197 turns).

qw the Shooter (Spriggan Hunter)                    Turns: 1197, Time: 00:00:22

Health: -1/18      AC:  3    Str:  7    XL:     3   Next: 67%
Magic:  4/4        EV: 19    Int: 10    God:
Gold:   61         SH:  0    Dex: 20    Spells: 2/2 levels left

rFire   . . .        a - +0 shortbow
rCold   . . .        (shield currently unavailable)
rNeg    . . .        c - +0 robe
rPois   .            (helmet restricted)
rElec   .            g - +0 cloak
rCorr   .            (gloves unavailable)
SInv    +            (boots unavailable)
Will    .....        (no amulet)
Stlth   ++           (no ring)
HPRegen 0.23/turn    (no ring)
MPRegen 0.09/turn

%: no passive effects
@: very quick
A: very small, no large weapons, unfitting armour, see invisible, speed 3
a: no special abilities


You were on level 2 of the Dungeon.
You visited 1 branch of the dungeon, and saw 2 of its levels.

You collected 61 gold pieces.


Innate Abilities, Weirdness & Mutations

You are very small and have problems with some larger weapons.
You are too small for most types of armour.
You have supernaturally acute eyesight. (SInv)
You cover ground extremely quickly. (Speed+++)


   Skills:
 - Level 1.5 Fighting
 + Level 4.9 Ranged Weapons
 - Level 4.0 Dodging
 - Level 1.5 Stealth


You had 2 spell levels left.
You didn't know any spells.
Your spell library was empty.

Inventory:

Hand Weapons
 a - a +0 shortbow (weapon)
Armour
 c - a +0 robe (worn)
 g - a +0 cloak (worn)
Scrolls
 b - a scroll of teleportation
Potions
 e - 2 potions of curing

Dungeon Overview and Level Annotations

Branches:
Dungeon (2/15)

Altars:

Annotations:
D:2 Terence


Message History

You shoot an arrow. The arrow hits the bat.
The bat is moderately wounded.
The bat misses you. The bat hits you but does no damage.
You shoot an arrow. The arrow misses the bat.
The bat barely misses you.
You shoot an arrow. The arrow hits the bat.
The bat is severely wounded.
The bat misses you. x2
You shoot an arrow.
The arrow hits the bat but does no damage.
The bat is severely wounded.
The bat hits you. Terence misses you.
You shoot an arrow. The arrow hits the bat!
You kill the bat!
Terence barely misses you.
You shoot an arrow. The arrow hits Terence.
Terence is moderately wounded.
Terence misses you.
You shoot an arrow. The arrow hits Terence.
Terence is heavily wounded.
Terence hits you with a +0 hand axe of flaming.
Terence burns you. Terence misses you.
You shoot an arrow. The arrow hits Terence.
Terence is severely wounded.
Terence barely misses you.
You shoot an arrow.
The arrow hits Terence but does no damage.
Terence is severely wounded.
Terence hits you with a +0 hand axe of flaming.
Terence burns you.
You shoot an arrow. The arrow barely misses Terence.
Terence asks, "Do you want it fast or slow?"
Terence hits you with a +0 hand axe of flaming.
Terence burns you.
You shoot an arrow.
The arrow hits Terence but does no damage.
Terence is severely wounded.
Terence hits you with a +0 hand axe of flaming.
You die...
Terence says, "Rest in peace."

#...........######.#....
#......<................
#######....######.......
#....#####........
#.................
#..............#..
#...########.#.#.. #...#
...#.... #@..# ####....
#.>@#.# .... ....##..#
#. ...... ..# ..... #.#
###.# .# .. .# #. .


You could see Terence.

Vanquished Creatures
  3 adders (D:2)
  2 bats (D:2)
  4 endoplasms
  A hobgoblin (D:1)
  3 jackals (D:1)
  A quokka (D:2)
  3 ball pythons (D:1)
  A frilled lizard (D:1)
  3 kobolds (D:1)
  9 rats
30 creatures vanquished.

Notes
Turn   | Place    | Note
-------+----------+-------------------------------------------
     0 | D:1      | qw the Spriggan Hunter began the quest for the Orb.
     0 | D:1      | Reached XP level 1. HP: 10/10 MP: 2/2
     0 | D:1      | 0 ||| qw: Version: 0.3-a-155-g5e7d8dd
     0 | D:1      | 0 ||| qw: Game counter: 3430
     0 | D:1      | 0 ||| qw: Melee chars always use a shield: true
     0 | D:1      | 0 ||| qw: God list: Okawaru
     0 | D:1      | 0 ||| qw: Allow faded altars: false
     0 | D:1      | 0 ||| qw: Do Orc after clearing Dungeon:15 true
     0 | D:1      | 0 ||| qw: Do second Lair branch before Depths: true
     0 | D:1      | 0 ||| qw: Lair rune preference: random
     0 | D:1      | 0 ||| qw: Goals: Normal
     0 | D:1      | 0 ||| PLANNING D:1-11
    68 | D:1      | Reached skill level 3 in Dodging
   314 | D:1      | Reached XP level 2. HP: 14/14 MP: 3/3
   386 | D:1      | Found a faded altar of an unknown god.
   904 | D:1      | 904 ||| UPGRADING to +0 cloak.
   909 | D:1      | 909 ||| READING scroll labelled UVUIKI BIGRUBB.
   913 | D:1      | 913 ||| READING scroll labelled GOAPEPITTI.
   913 | D:1      | 913 ||| IDENTIFYING 2 emerald potions
   914 | D:1      | 914 ||| DROPPING scroll of butterflies.
   986 | D:2      | 986 ||| STAIRDANCE
  1062 | D:2      | Reached XP level 3. HP: 18/18 MP: 4/4
  1184 | D:2      | Noticed Terence
  1197 | D:2      | Slain by Terence

Levels and vault maps discovered:
D:1:      dpeg_arrival_shrine, layout_basic,
          hellmonk_ecumenical_altar_pennies_from_heaven
D:2:      layout_rooms, hangedman_decor_push, minmay_misc_feat_hallway,
          minivault_27, uniq_terence

Skill      XL: |  1  2 |
---------------+-------+-----
Dodging        | 3 4 |  4.0
Fighting       | |  1.5
Ranged Weapons | |  4.9
Stealth        | |  1.5

Action                     || total
---------------------------++-------
   Fire: Shortbow          ||    78
    Use: Scroll            ||     2
 Armour: Robe              ||    12
  Dodge: Dodged            ||    32

Table legend:
 A = Non-vault XP
 B = Vault XP
 C = Vault XP percentage of total XP
 D = Non-vault monster count
 E = Vault monster count
 F = Vault count percentage of total count
                 A         B        C        D         E       F
            +---------+---------+-------+---------+---------+-------
      Total |      79 |       0 |   0.0 |      30 |       0 |   0.0
            +---------+---------+-------+---------+---------+-------
        D:1 |      25 |       0 |   0.0 |      19 |       0 |   0.0
        D:2 |      54 |       0 |   0.0 |      11 |       0 |   0.0
            +---------+---------+-------+---------+---------+-------
